AoeStats
← ZUCH

Golden Pit

507933303Analyzed
1v1 RM · 11d ago on Sep 20, 2026· 25m 24s· 2 players
Game mode
Random Map
Map size
Tiny (2 player)
Population
200
Speed
Normal
Resources
Standard
Victory
Conquest
Starting age
Dark Age
Ending age
Imperial Age
RankedLock teamsTeams togetherTeam positionsShared explorationLock speedFull tech treeHidden civsTurbo modeCheats
Victory
Defeat
🇵🇱 Britons · Poland
1306
+18
🇹🇷 Dravidians · Türkiye
1339
-18
ZUCH
5:52 Loom
6:55 Loom
9:06 Feudal Age
9:18 Man-at-Arms
13:39 Fletching
13:58 Double-Bit Axe
21:06 Castle Age
20:00 Horse Collar
20:11 Gold Mining
20:58 Padded Archer Armor
21:21 Crossbowman
22:08 Bodkin Arrow
23:35 Leather Archer Armor
Ulu_get
6:45 Loom
9:17 Feudal Age
10:01 Double-Bit Axe
9:58 Horse Collar
16:09 Man-at-Arms
18:49 Wheelbarrow
19:19 Fletching
19:32 Scale Mail Armor
21:43 Fletching
24:42 Castle Age
23:06 Padded Archer Armor
24:50 Elite Skirmisher
25:37 Bodkin Arrow
Connection lost

Rejoining the realm…

Still unreachable

The connection could not be restored.

Session expired

The server has moved on; the page needs a fresh start.